 Dungeon Crawl Stone Soup version 0.27.0-1-g7a089689b8 (webtiles) character file.

Game seed: 15618481037316860065

4 Descartes the Sneak (level 1, -2/11 HPs)
             Began as a Spriggan Delver on Aug 15, 2021.
             Slain by a jackal (3 damage)
             ... on level 4 of the Dungeon.
             The game lasted 00:00:35 (111 turns).

Descartes the Sneak (Spriggan Delver)                Turns: 111, Time: 00:00:35

Health: -2/11      AC:  2    Str:  8    XL:     1   Next: 50%
Magic:  2/2        EV: 17    Int: 11    God:
Gold:   0          SH:  0    Dex: 16    Spells: 0/0 levels left

rFire    . . .     SeeInvis +   a - +0 short sword
rCold    . . .     Faith    .   (shield restricted)
rNeg     . . .     Spirit   .   b - +0 robe
rPois    .         Reflect  .   (helmet restricted)
rElec    .         Harm     .   (no cloak)
rCorr    .         Rampage  .   (gloves unavailable)
Will     .....                  (boots unavailable)
Stlth    ++++......             (no amulet)
HPRegen  0.03/turn              (no ring)
MPRegen  0.08/turn              (no ring)

@: very quick
A: very small, no large weapons, unfitting armour, see invisible, speed 3
a: no special abilities


You were on level 4 of the Dungeon.
You visited 1 branch of the dungeon, and saw 2 of its levels.

Inventory:

Hand Weapons
 a - a +0 short sword (weapon)
Missiles
 h - 16 stones (quivered)
Armour
 b - a +0 robe (worn)
Wands
 g - a wand of digging (3)
Scrolls
 c - a scroll of fog
 d - a scroll of magic mapping
 e - a scroll of fear
Potions
 f - a potion of haste


   Skills:
 - Level 2.4 Fighting
 + Level 2.3 Short Blades
 + Level 2.8 Dodging
 * Level 7.4 Stealth


You couldn't memorise any spells.
You didn't know any spells.
Your spell library contained the following spells:

 Spells                   Type           Power      Damage    Failure   Level
 Shock                    Conj/Air       0%         1d3       34%         1
 Swiftness                Air            0%         N/A       71%         3
 Airstrike                Air            0%         N/A       98%         4


Dungeon Overview and Level Annotations

Branches:
Dungeon (5/15)
 Temple: D:4-7

Altars:


Innate Abilities, Weirdness & Mutations

You are very small and have problems with some larger weapons.
You are too small for most types of armour.
You have supernaturally acute eyesight. (SInv)
You cover ground extremely quickly. (Speed+++)


Message History

You are too injured to fight recklessly!
You are too injured to fight recklessly!
You are too injured to fight recklessly!
You closely miss the jackal. You barely miss the jackal. The jackal misses you.
You hit the jackal but do no damage. The jackal completely misses you.
The jackal misses you.
You closely miss the jackal. The jackal closely misses you.
You hit the jackal but do no damage. The jackal misses you.
You hit the jackal.
The jackal is moderately wounded.
The jackal misses you. The jackal barely misses you.
You closely miss the jackal. The jackal barely misses you.
You barely miss the jackal. The jackal completely misses you.
The jackal misses you.
You closely miss the jackal. The jackal barely misses you.
You closely miss the jackal. The jackal misses you.
You barely miss the jackal. The jackal completely misses you.
The jackal barely misses you.
You barely miss the jackal. The jackal barely misses you.
You closely miss the jackal. The jackal barely misses you.
You barely miss the jackal. The jackal bites you.
* * * LOW HITPOINT WARNING * * *
The jackal misses you.
You hit the jackal but do no damage. The jackal misses you.
You hit the jackal.
The jackal is moderately wounded.
The jackal bites you.
* * * LOW HITPOINT WARNING * * *
The jackal barely misses you.
You hit the jackal.
The jackal is heavily wounded.
The jackal barely misses you.
You hit the jackal.
You kill the jackal!
The jackal barely misses you.
You hit the jackal.
The jackal is heavily wounded.
The jackal bites you.
You die...

################# #
#......##........ .#
#.####.##.##.##.# ##.#
#.# #..>....##.# #...##
#.#######.#####.##.....#
#.....# #.####..@hB#
#####.# #.......##.<...#
#.# ######.## #...## #.#
...# ..## #.# ....# .#
### ###..# .. #### ##


You could see a jackal and a giant cockroach.

Vanquished Creatures
  3 jackals (D:4)
3 creatures vanquished.

Notes
Turn   | Place    | Note
-------+----------+-------------------------------------------
     0 | D:5      | Descartes the Spriggan Delver began the quest for the Orb.
     0 | D:5      | Reached XP level 1. HP: 11/11 MP: 2/2
     5 | D:5      | Noticed an ice beast
    19 | D:5      | Noticed a vampire
    33 | D:5      | Noticed an iguana
    37 | D:5      | Noticed an ogre
   111 | D:4      | Slain by a jackal

Illustrated notes

Levels and vault maps discovered:
D:4:      layout_loops_cross, xom_teletrap_fun, kennysheep_cluttered_room
D:5:      layout_cave_pools, mainiacjoe_overflow_tiny_flanked,
          mainiacjoe_overflow_concentric_impassable,
          minmay_temple_entry_statues_fountains, serial_park,
          serial_park_square3 [serial_park_minivault_5x5_5],
          serial_park_square2, hangedman_abyss_or_decor_slice, uniq_eustachio,
          uniq_grinder

Action                   || total
-------------------------++-------
Melee: Short sword       ||    27
Armor: Robe              ||     3
Dodge: Dodged            ||    39
